 Dungeon Crawl Stone Soup version 0.29.0-4-gdea44cf6ec (webtiles) character file.

Game seed: 2545105753249423333

15 Zeldest the Trooper (level 2, -1/24 HPs)
             Began as a Mummy Chaos Knight on Aug 27, 2022.
             Was a Plaything of Xom.
             Slain by a gnoll
             ... wielding a +2 flail of protection
              (6 damage)
             ... on level 1 of the Dungeon.
             The game lasted 00:00:28 (250 turns).

Zeldest the Trooper (Mummy Chaos Knight)             Turns: 250, Time: 00:00:29

Health: -1/24      AC:  5    Str: 15    XL:     2   Next: 34%
Magic:  2/2        EV: 11    Int: 11    God:    Xom [..*...]
Gold:   47         SH:  0    Dex: 11    Spells: 1/1 levels left

rFire   x . .      SeeInvis .   e - +1 dagger (drain)
rCold   + . .      Faith    .   (no shield)
rNeg    + + +      Spirit   .   b - +2 leather armour
rPois   ∞          Reflect  .   (no helmet)
rElec   .          Harm     .   (no cloak)
rCorr   .          Rampage  .   (no gloves)
Will    .....                   (no boots)
Stlth   +.........              (no amulet)
HPRegen 0.08/turn               (no ring)
MPRegen 0.08/turn               (no ring)

@: no status effects
A: cold resistance 1, negative energy resistance 3, torment resistance 2, heat
vulnerability 1, no potions
a: Renounce Religion


You were on level 1 of the Dungeon.
You worshipped Xom.
You were a toy of Xom.
You visited 1 branch of the dungeon, and saw 1 of its levels.

You collected 47 gold pieces.

Inventory:

Hand Weapons
 a - a +0 hand axe of chaos
 e - a +1 dagger of draining (weapon)
Armour
 b - a +2 leather armour (worn)
Scrolls
 d - a scroll of teleportation {unknown}
 f - a scroll of acquirement {unknown}
Miscellaneous
 c - a piece from Xom's chessboard (15/15) (quivered)


   Skills:
 + Level 3.2 Fighting
 * Level 2.8 Axes
 + Level 1.8 Armour
 - Level 0.7 Dodging


You had one spell level left.
You didn't know any spells.
Your spell library was empty.

Dungeon Overview and Level Annotations

Branches:
Dungeon (1/15)

Altars:

Shops:
D:1 [


Innate Abilities, Weirdness & Mutations

You are immune to poison.
Your flesh is cold resistant. (rC+)
You are immune to negative energy. (rN+++)
You are immune to unholy pain and torment.
You are vulnerable to heat. (rF-)
You do not drink.


Message History

A quokka is nearby!
A quokka is nearby!
The quokka bites you. The quokka barely misses you.
You barely miss the quokka.
The quokka bites you but does no damage.
You hit the quokka.
The quokka is severely wounded.
The quokka bites you.
You closely miss the quokka.
The quokka is severely wounded.
The quokka barely misses you.
You closely miss the quokka.
The quokka is severely wounded.
The quokka bites you.
A quokka is nearby!
You closely miss the quokka.
The quokka is severely wounded.
The quokka closely misses you. The quokka barely misses you.
A quokka is nearby!
You hit the quokka but do no damage. You drain the quokka.
You kill the quokka!
A hobgoblin and a kobold come into view.
The hobgoblin shouts!
The kobold shouts!
A gnoll comes into view.
It is wielding a +2 flail of protection.
The gnoll shouts!
There are monsters nearby!
The hobgoblin hits you. The kobold hits you but does no damage.
There are monsters nearby!
You hit the hobgoblin but do no damage. You drain the hobgoblin.
The hobgoblin is moderately wounded.
The kobold hits you with a +0 dagger. The hobgoblin hits you.
You are too injured to fight recklessly!
The hobgoblin attacks as you move away! The hobgoblin misses you.
The kobold attacks as you move away! The kobold hits you with a +0 dagger.
The gnoll attacks as you move away!
The gnoll hits you with a +2 flail of protection!
* * * LOW HITPOINT WARNING * * *
The gnoll attacks as you move away!
The gnoll hits you with a +2 flail of protection.
You die...

############ ##..........##
##.......(....##
#..............# ..####.#
#..............# .......
#........!.....# !.....##
#.....g........#
......##.###....@Kg.......#
......##............>....##
.#....#####.............##
.#....#.......###########
........#........#
......###........#
#.###............#
#.######.........#
.................#


You could see a gnoll, a hobgoblin (very drained) and a kobold.

Vanquished Creatures
  A ball python (D:1)
  An endoplasm (D:1)
  A giant cockroach (D:1)
  A goblin (D:1)
  3 hobgoblins (D:1)
  2 kobolds (D:1)
  A quokka (D:1)
  2 rats (D:1)
12 creatures vanquished.

Notes
Turn   | Place    | Note
-------+----------+-------------------------------------------
     0 | D:1      | Zeldest the Mummy Chaos Knight began the quest for the Orb.
     0 | D:1      | Reached XP level 1. HP: 18/18 MP: 1/1
   135 | D:1      | Found Qilaats's Antique Armour Shoppe.
   143 | D:1      | Reached XP level 2. HP: 24/24 MP: 2/2
   250 | D:1      | Slain by a gnoll

Illustrated notes

Levels and vault maps discovered:
D:1:      co_arrival_square_in_a_square_in_a_square, layout_rooms,
          hellmonk_ecumenical_altar_slurped_away, serial_shops, shop

Action                   || total
-------------------------++-------
Melee: Dagger            ||    39
Armor: Leather armour    ||    13
Dodge: Dodged            ||    22
